 Dungeon Crawl Stone Soup version 0.29.1-1-gd02db6906a (webtiles) character file.

Game seed: 11106319349159354559

38553 RogueRain17 the Destroyer (level 13, -7/79 HPs)
             Began as a Demonspawn Conjurer on Sept 24, 2022.
             Was a High Priest of Sif Muna.
             Shot with a bolt by an orc warrior (26 damage)
             ... on level 2 of the Orcish Mines.
             The game lasted 01:23:33 (27340 turns).

RogueRain17 the Destroyer (Demonspawn Conjurer)    Turns: 27340, Time: 01:23:34

Health: -7/79      AC:  7    Str:  7      XL:     13   Next: 64%
Magic:  6/20       EV: 16    Int: 21 (30) God:    Sif Muna [*****.]
Gold:   350        SH:  6    Dex: 13      Spells: 6/22 levels left

rFire   + . .      SeeInvis .     - Unarmed
rCold   . . .      Faith    .   (no shield)
rNeg    + . .      Spirit   .   A - +0 steam dragon scales
rPois   +          Reflect  .   L - +0 helmet
rElec   .          Harm     .   s - +0 cloak
rCorr   .          Rampage  .   (no gloves)
Will    .....                   (no boots)
Stlth   ++........              O - amulet of the acrobat
HPRegen 0.23/turn               k - +6 ring of intelligence
MPRegen 0.17/turn               a - ring "Retus" {rPois rF+ rN+}

@: no status effects
A: claws 2, large bone plates 2, demonic guardian 1, ignite blood 2
a: Renounce Religion, Channel Magic, Forget Spell, Divine Exegesis


You were on level 2 of the Orcish Mines.
You worshipped Sif Muna.
Sif Muna was extremely pleased with you.
You visited 4 branches of the dungeon, and saw 19 of its levels.
You visited 1 bazaar.
You also visited: Sewer.

You collected 1342 gold pieces.
You spent 992 gold pieces at shops.

Inventory:

Missiles
 w - 6 throwing nets
Armour
 s - a +0 cloak (worn)
 A - +0 steam dragon scales (worn)
 E - an orb of energy
 L - a +0 helmet (worn)
 Y - the +5 ring mail of a bailey {rElec Stlth+}
   (You found it on level 5 of the Lair of Beasts)

   rElec:     It insulates you from electricity.
   Stlth:     It makes you more stealthy.
Jewellery
 a - the ring "Retus" (right claw) {rPois rF+ rN+}
   (You bought it in a shop in a bazaar)

   [ring of poison resistance]

   rF:        It protects you from fire.
   rPois:     It protects you from poison.
   rN:        It protects you from negative energy.
 k - a +6 ring of intelligence (left claw)
 p - a ring of resist corrosion
 r - a ring of poison resistance
 u - a ring of protection from cold
 x - a +4 ring of protection
 B - a ring of protection from fire
 G - a +4 ring of evasion
 N - a ring of ice
 O - an amulet of the acrobat (around neck)
Wands
 j - a wand of acid (10)
 y - a wand of roots (12)
 D - a wand of charming (40)
 H - a wand of digging (7)
 J - a wand of flame (6)
Scrolls
 b - 2 scrolls of vulnerability
 d - 5 scrolls of amnesia
 e - 5 scrolls of immolation
 f - 5 scrolls of teleportation
 g - 2 scrolls of blinking
 h - 2 scrolls of enchant weapon
 l - 2 scrolls of fear
 n - 2 scrolls of torment
 q - 5 scrolls of magic mapping
 t - a scroll of summoning
 v - 3 scrolls of poison
 F - 2 scrolls of identify
 I - 3 scrolls of enchant armour
 K - a scroll of fog
 M - a scroll of brand weapon
 S - a scroll of silence
Potions
 c - 5 potions of flight
 i - a potion of cancellation
 m - 2 potions of lignification
 o - 3 potions of resistance
 z - 3 potions of curing
 C - a potion of magic
 P - 3 potions of haste
 R - 2 potions of attraction
 T - a potion of invisibility
 U - a potion of ambrosia
 V - a potion of mutation
 X - a potion of heal wounds
 Z - a potion of berserk rage
Miscellaneous
 Q - a box of beasts
 W - a condenser vane


   Skills:
 + Level 8.9 Dodging
 - Level 1.7 Stealth
 - Level 2.4 Unarmed Combat
 - Level 5.0 Spellcasting
 - Level 14.0 Conjurations
 + Level 5.5 Translocations
 + Level 5.5 Ice Magic
 - Level 5.8 Earth Magic
 - Level 10.0 Invocations
 - Level 10.0 Evocations


You had 6 spell levels left.
You knew the following spells:

 Your Spells              Type           Power      Damage    Failure   Level
a - Magic Dart            Conj           100%       1d8       1%          1
b - Searing Ray           Conj           100%       2d8       1%          2
c - Dazzling Flash        Conj/Hex       68%        N/A       1%          3
d - Stone Arrow           Conj/Erth      92%        3d12      1%          3
e - Iskenderun's Mystic   Conj/Tloc      46%        2d10      1%          4
f - Ozocubu's Armour      Ice            28%        N/A       3%          3

Your spell library contained the following spells:

 Spells                   Type           Power      Damage    Failure   Level
 Freeze                   Ice            100%       1d11      1%          1
 Sandblast                Erth           58%        2d13      1%          1
 Shock                    Conj/Air       100%       1d9       1%          1
 Static Discharge         Conj/Air       34%        3-8/arc   1%          2
 Hailstorm                Conj/Ice       46%        3d11      1%          4
 Iskenderun's Battlesphe  Conj           59%        2d11      1%          5
 Frozen Ramparts          Ice            56%        1d9       3%          3
 Gell's Gravitas          Tloc           28%        N/A       3%          3
 Teleport Other           Tloc           28%        N/A       3%          3
 Passwall                 Tmut/Erth      14%        N/A       4%          2
 Mephitic Cloud           Conj/Pois/Air  24%        N/A       4%          3
 Fulminant Prism          Conj/Hex       17%        3d11      6%          4
 Sticky Flame             Conj/Fire      34%        2d5       6%          4
 Slow                     Hex            20%        N/A       11%         1
 Lightning Bolt           Conj/Air       17%        1d31      17%         5
 Freezing Cloud           Conj/Ice/Air   16%        6-21      21%         5
 Iron Shot                Conj/Erth      23%        9d5       28%         6
 Confusing Touch          Hex            5%         N/A       32%         3
 Ignite Poison            Fire/Tmut/Pois 5%         N/A       32%         3
 Vampiric Draining        Necr           5%         2d6       32%         3
 Ice Form                 Ice/Tmut       16%        N/A       34%         4
 Summon Ice Beast         Ice/Summ       16%        N/A       34%         4
 Conjure Ball Lightning   Conj/Air       17%        3x3d6     67%         6
 Dispel Undead            Necr           5%         3d7       71%         4
 Dispersal                Tloc           14%        N/A       86%         6
 Summon Mana Viper        Hex/Summ       5%         N/A       96%         5
 Spellforged Servitor     Conj/Summ      17%        N/A       99%         7
 Monstrous Menagerie      Summ           2%         N/A       100%        7
 Ozocubu's Refrigeration  Ice            14%        4d10      100%        7
 Chain Lightning          Conj/Air       17%        3d22      100%        9


Dungeon Overview and Level Annotations

Branches:
Dungeon (11/15)            Temple (1/1) D:4            Lair (5/5) D:11
  Swamp (0/4) Lair:3       Spider (0/4) Lair:3        Slime (0/5) Lair:5
    Orc (2/2) D:9           Sewer (visited)
    Elf: Orc:2

Altars:
Ashenzari
Cheibriados
Dithmenos
Fedhas
Gozag
Hepliaklqana
Kikubaaqudgha
Makhleb
Nemelex Xobeh
Okawaru
Qazlal
Ru
Sif Muna
Trog
Uskayaw
Vehumet
Wu Jian
Xom
Yredelemnul
Jiyva

Annotations:
Lair:4 exclusion: oklob plant


Innate Abilities, Weirdness & Mutations

You have very sharp fingernails.
You are mostly covered in large bone plates. (SH +6)
A weak demonic guardian rushes to your aid.
Your demonic aura often causes spilled blood to erupt in flames.


Message History

An orc priest comes into view. It is wielding a +0 hand axe.
The orc warrior shoots a bolt.
You block the bolt. You block the hellwing's attack.
The hellwing completely misses you.
Casting: Stone Arrow (safe; 1% risk of failure)
Confirm with . or Enter, or press ? or * to list all spells.
Aiming: Stone Arrow (safe; 1% risk of failure)
Press: ? - help, Shift-Dir - straight line, f - orc high priest, p - hellwing
Aim: an orc high priest, wielding a +0 trident and wearing a +0 chain mail (76% to hit)
The stone arrow hits the orc high priest!!
The orc high priest is moderately wounded.
The orc priest mumbles some strange prayers to Beogh against you.
Beogh smites you!
The orc high priest mumbles some strange prayers.
The hellwing hits you.
* * * LOW HITPOINT WARNING * * *
The hellwing hits you.
* * * LOW HITPOINT WARNING * * *
Casting: Stone Arrow (safe; 1% risk of failure)
Confirm with . or Enter, or press ? or * to list all spells.
Aiming: Stone Arrow (safe; 1% risk of failure)
Press: ? - help, Shift-Dir - straight line, f/p - orc high priest
Aim: an orc high priest, wielding a +0 trident and wearing a +0 chain mail (moderately wounded, 76% to hit)
The stone arrow hits the orc high priest!
The orc high priest is heavily wounded.
The orc high priest is engulfed in blazing flames.
The orc high priest utters an invocation to Beogh.
You block the hellwing's attack. The hellwing barely misses you.
Casting: Stone Arrow (safe; 1% risk of failure)
Confirm with . or Enter, or press ? or * to list all spells.
Aiming: Stone Arrow (safe; 1% risk of failure)
Press: ? - help, Shift-Dir - straight line, f/p - orc high priest
Aim: an orc high priest, wielding a +0 trident and wearing a +0 chain mail (flame, almost dead, 76% to hit)
The stone arrow hits the orc high priest!!
You kill the orc high priest!
Sif Muna accepts your kill.
The hellwing disappears in a puff of smoke!
The sixfirhy disappears in a puff of smoke!
The orc wizard casts a spell at you.
You easily resist.
The orc warrior shoots a bolt.
The bolt hits you!!
You die...

....#...# ####.## ....#..##
####.#...# ........##
###.#......# .........#
##....#....## .....##..##
###.........##### ..#.......#
##.##.......####.## .....##...##
#...##...#...##....
..#..##....####.§.#....#....##...
..#........##...@............#.#.
...#.##.#.........#.....)........
..# ####..#.....☼..o........... .
#.........§.........#...
##........).o...........
###......#..........)).
#.......##.o....#...#.
#........##....#.#)###
##.##...##..........#.


You could see an orc warrior, an orc priest and an orc wizard.

Vanquished Creatures
  A fire dragon (Lair:5)
  2 hydras
  A boulder beetle (Lair:5)
  Erica (D:10)
  An orc high priest (Orc:2)
  A lindwurm (Lair:5)
  4 elephants
  Joseph (D:9)
  7 black mambas
  A torpor snail (Lair:4)
  3 molten gargoyles (Lair:5)
  7 cane toads
  2 rime drakes
  4 kobold demonologists
  9 komodo dragons
  A troll (D:9)
  A tyrant leech (Lair:3)
  Grinder (D:6)
  9 blink frogs
  3 dream sheep (Lair:4)
  5 jumping spiders (Lair:3)
  5 wyverns
  Eustachio (D:6)
  63 yaks
  5 basilisks
  3 redbacks (Lair:3)
  3 steam dragons
  Edmund (D:6)
  A swamp worm (Lair:3)
  A warg (Orc:1)
  An acid dragon (D:7)
  6 water moccasins
  12 orc warriors
  4 hell hounds (Lair:5)
  A black bear (Lair:3)
  A sky beast (D:8)
  4 ogres
  5 wolves (Lair:3)
  A phantom (D:6)
  A centaur (D:9)
  8 kobold brigands
  7 bullfrogs
  A scorpion (D:5)
  18 wights
  2 electric eels (Lair:3)
  A howler monkey (D:7)
  5 lava snakes (Lair:5)
  3 jellies
  6 hounds
  15 orc priests
  2 iguanas
  9 hell rats
  26 orc wizards
  10 gnolls
  2 river rats (Sewer)
  11 adders
  A white imp (D:5)
  An ufetubus (D:6)
  2 worms (Sewer)
  4 dart slugs
  92 orcs
  8 ball pythons
  10 bats
  4 endoplasms
  9 giant cockroaches
  5 hobgoblins
  8 jackals
  38 kobolds
  6 quokkas
  2 training dummies (D:5)
  8 frilled lizards
  11 goblins
  6 rats
525 creatures vanquished.

Vanquished Creatures (collateral kills)
  A rime drake (Lair:5)
  A komodo dragon (Lair:3)
  A dream sheep (Lair:4)
  2 yaks (Lair:3)
  An ogre (D:5)
  A wight (D:6)
  An orc wizard (Orc:2)
  2 orcs (Orc:2)
  A butterfly (Lair:1)
11 creatures vanquished.

Vanquished Creatures (others)
  18 fungi
  39 plants
57 creatures vanquished.

Grand Total: 593 creatures vanquished

Notes
Turn   | Place    | Note
-------+----------+-------------------------------------------
     0 | D:1      | RogueRain17 the Demonspawn Conjurer began the quest for the
                  | Orb.
     0 | D:1      | Reached XP level 1. HP: 13/13 MP: 3/3
   317 | D:1      | Gained mutation: Your demonic aura sometimes causes spilled
                  | blood to erupt in flames. [demonic ancestry]
   317 | D:1      | Reached XP level 2. HP: 19/19 MP: 3/5
   442 | D:1      | Noticed a floating eye
   444 | D:1      | Noticed an eye of devastation
   446 | D:1      | Found a faded altar of an unknown god.
   448 | D:1      | Noticed a great orb of eyes
   448 | D:1      | Noticed a great orb of eyes
  1395 | D:2      | Reached skill level 5 in Conjurations
  1396 | D:2      | Reached XP level 3. HP: 24/24 MP: 2/6
  1466 | D:2      | Learned a level 2 spell: Searing Ray
  2205 | D:3      | Gained mutation: You have sharp fingernails. [demonic
                  | ancestry]
  2205 | D:3      | Reached XP level 4. HP: 30/30 MP: 4/7
  2759 | D:3      | Found a glowing drain.
  2809 | Sewer    | Entered a sewer
  2900 | Sewer    | Reached skill level 6 in Conjurations
  3414 | Sewer    | Gained mutation: Your demonic aura often causes spilled
                  | blood to erupt in flames. [demonic ancestry]
  3414 | Sewer    | Reached XP level 5. HP: 28/35 MP: 0/8
  4367 | D:4      | Reached skill level 7 in Conjurations
  4409 | D:4      | Reached XP level 6. HP: 41/41 MP: 0/9
  4630 | D:3      | Learned a level 3 spell: Dazzling Flash
  5064 | D:4      | Noticed an orc warrior
  5355 | D:4      | Found a staircase to the Ecumenical Temple.
  5401 | Temple   | Entered the Ecumenical Temple
  5459 | Temple   | Became a worshipper of Sif Muna the Loreminder
  5505 | D:5      | Entered Level 5 of the Dungeon
  6412 | D:5      | Reached skill level 8 in Conjurations
  6515 | D:5      | Reached skill level 1 in Unarmed Combat
  6515 | D:5      | Gained mutation: A weak demonic guardian rushes to your
                  | aid. [demonic ancestry]
  6515 | D:5      | Reached XP level 7. HP: 46/46 MP: 2/11
  7156 | D:6      | Noticed a steam dragon
  7393 | D:5      | Learned a level 3 spell: Stone Arrow
  7397 | D:6      | Reached skill level 9 in Conjurations
  7540 | D:6      | Reached XP level 8. HP: 52/52 MP: 6/13
  8019 | D:6      | Noticed Grinder
  8028 | D:6      | Killed Grinder
  8029 | D:6      | Reached skill level 1 in Earth Magic
  8281 | D:6      | Noticed Edmund
  8288 | D:6      | Killed Edmund
  8289 | D:6      | Reached skill level 10 in Conjurations
  8766 | D:6      | Noticed Eustachio
  8773 | D:6      | Killed Eustachio
  9217 | D:7      | Reached skill level 5 in Spellcasting
  9217 | D:7      | Gained mutation: You are partially covered in large bone
                  | plates. (SH +4) [demonic ancestry]
  9217 | D:7      | Reached XP level 9. HP: 57/57 MP: 10/16
  9218 | D:7      | Reached * piety under Sif Muna
 10460 | D:8      | Reached skill level 11 in Conjurations
 10460 | D:8      | Reached skill level 1 in Evocations
 10971 | D:8      | Reached ** piety under Sif Muna
 11183 | D:8      | Reached skill level 12 in Conjurations
 11184 | D:8      | Reached XP level 10. HP: 63/63 MP: 4/17
 11457 | D:8      | Reached skill level 5 in Earth Magic
 11464 | D:8      | Learned a level 4 spell: Iskenderun's Mystic Blast
 11751 | D:8      | Found an opulent altar of Gozag.
 12259 | D:8      | Reached skill level 5 in Evocations
 12277 | D:8      | Reached skill level 13 in Conjurations
 13076 | D:9      | Reached *** piety under Sif Muna
 13480 | D:9      | Reached XP level 11. HP: 68/68 MP: 5/18
 13699 | D:9      | Found a staircase to the Orcish Mines.
 13972 | D:9      | Reached **** piety under Sif Muna
 14041 | D:9      | Noticed Joseph
 14045 | D:9      | Killed Joseph
 14472 | D:10     | Entered Level 10 of the Dungeon
 14959 | D:10     | Noticed Erica
 14966 | D:10     | Killed Erica
 14967 | D:10     | Reached skill level 14 in Conjurations
 15752 | D:10     | Found a stormy altar of Qazlal.
 15753 | D:10     | Found a basalt altar of Yredelemnul.
 15754 | D:10     | Found an iron altar of Okawaru.
 15761 | D:10     | Found a bloodstained altar of Trog.
 15762 | D:10     | Found an ornate altar of the Wu Jian Council.
 15764 | D:10     | Found a burning altar of Makhleb.
 15765 | D:10     | Found a shadowy altar of Dithmenos.
 15771 | D:10     | Found an ancient bone altar of Kikubaaqudgha.
 15772 | D:10     | Found a shimmering altar of Xom.
 16105 | D:11     | Found a staircase to the Lair.
 16161 | Lair:1   | Entered Level 1 of the Lair of Beasts
 17340 | Lair:1   | Reached skill level 5 in Invocations
 18290 | Lair:2   | Noticed a five-headed hydra
 18297 | Lair:2   | Killed a five-headed hydra
 18417 | Lair:2   | Reached skill level 5 in Dodging
 19063 | Lair:3   | Gained mutation: You have very sharp fingernails. [demonic
                  | ancestry]
 19063 | Lair:3   | Reached XP level 12. HP: 74/74 MP: 15/19
 20109 | Lair:3   | Found a hole to the Spider Nest.
 20302 | Lair:3   | Reached ***** piety under Sif Muna
 20462 | Lair:3   | Learned a level 3 spell: Ozocubu's Armour
 20732 | Lair:3   | Found a staircase to the Swamp.
 21243 | Lair:4   | Reached skill level 1 in Translocations
 21243 | Lair:4   | Reached skill level 1 in Ice Magic
 21455 | Lair:4   | Reached skill level 10 in Invocations
 21626 | Lair:4   | Received a gift from Sif Muna
 21662 | Lair:4   | Got Sif Muna's Octavo of Conduction {god gift}
 21702 | Lair:4   | Reached skill level 10 in Evocations
 22597 | Lair:4   | Found a burning altar of Makhleb.
 22783 | Lair:5   | Entered Level 5 of the Lair of Beasts
 22795 | Lair:5   | Gained mutation: You are mostly covered in large bone
                  | plates. (SH +6) [demonic ancestry]
 22795 | Lair:5   | Reached XP level 13. HP: 63/79 MP: 2/20
 24040 | Lair:5   | Identified the +5 ring mail of a bailey {rElec Stlth+}
 24261 | Lair:5   | Found a viscous altar of Jiyva.
 24263 | Lair:5   | Found a staircase to the Slime Pits.
 24688 | Lair:5   | Found a large runed translucent door.
 25058 | Lair:5   | Reached skill level 5 in Translocations
 25091 | Lair:5   | Reached skill level 5 in Ice Magic
 25321 | Lair:5   | Found a large runed translucent door.
 25348 | Lair:5   | Noticed a fire dragon
 25431 | Lair:5   | Killed a fire dragon
 25866 | Orc:1    | Entered Level 1 of the Orcish Mines
 26180 | Orc:2    | Entered Level 2 of the Orcish Mines
 26180 | Orc:2    | Found a flickering gateway to a bazaar.
 26247 | Bazaar   | Entered a bazaar
 26247 | Bazaar   | Found Gionih's Antique Armour Shop.
 26247 | Bazaar   | Found Pimen's Antique Weapon Shop.
 26247 | Bazaar   | Found Toig's Magic Scroll Emporium.
 26323 | Bazaar   | Found Lucysotat's General Store.
 26334 | Bazaar   | Found Oregempygia's Jewellery Emporium.
 26374 | Bazaar   | Bought the ring "Retus" {rPois rF+ rN+} for 420 gold pieces
 26404 | Bazaar   | Bought a scroll of acquirement for 572 gold pieces
 26408 | Bazaar   | Acquired Vehumet's Papyrus of Friendly Blasts
 27340 | Orc:2    | Shot with a bolt by an orc warrior

Illustrated notes

Levels and vault maps discovered:
D:1:      saegor_arrival_simple_b, layout_basic,
          hellmonk_ecumenical_altar_watching_god
D:2:      layout_loops_ring, st_stairs_10
D:3:      layout_rooms, portal_sewer_entry_f
D:4:      layout_rooms, minmay_temple_entry_overgrown
D:5:      dreamdust_elfheim, layout_basic
D:6:      layout_loops_ring, serial_glass, glass_columns_a, glass_columns_b,
          glass_columns_b, glass_columns_b, glass_columns_b, glass_columns_c,
          feat_on_display, item_on_display_a, uniq_grinder, uniq_eustachio,
          uniq_edmund
D:7:      layout_gridville
D:8:      corexii_shack_village, layout_loops_corners, grunt_gozag_breadcrumbs
D:9:      layout_roguey, hiddenorc2_lemuel, uniq_joseph
D:10:     layout_loops_corners, nicolae_overflow_hallway_of_the_gods, uniq_erica
D:11:     layout_basic, lair_entry_dummy
Temple:   hellmonk_temple_of_storms
Lair:1:   layout_small_grid, lemuel_fruit_fields
Lair:2:   layout_cave_pods, grunt_megastairs_1
Lair:3:   layout_regular_city, minmay_swamp_entry_worms,
          nicolae_spider_entry_tight_spaces, serial_bayou_shore_a
Lair:4:   layout_long_grid, lemuel_oklob_altar
Lair:5:   cheibrodos_lair_end_hotspot, layout_regular_city, slime_entry_1,
          nzn_sisyphean_effort
Orc:1:    layout_diamond_mine, serial_shops
Orc:2:    st_orc_congregation, layout_caves, serial_shops, bzr_entry_islet,
          minmay_orc_temple_a

Skill      XL: |  1  2  3  4  5  6  7  8  9 10 11 12 13 |
---------------+----------------------------------------+-----
Conjurations   | 5 6 7 8 9 10 12 13 14 | 14.0
Unarmed Combat | 1 2 |  2.4
Spellcasting   | 3 5 |  5.0
Earth Magic    | 2 4 5 |  5.8
Evocations     | 3 6 8 10 | 10.0
Dodging        | 5 7 8 |  8.9
Invocations    | 7 10 | 10.0
Translocations | 2 5 |  5.5
Ice Magic      | 2 5 |  5.5
Stealth        | |  1.7

Action                   |  1- 3 |  4- 6 |  7- 9 | 10-12 | 13-15 || total
-------------------------+-------+-------+-------+-------+-------++-------
Melee: Dagger            |     2 |       |       |       |       ||     2
       Unarmed           |       |    21 |    51 |   130 |    55 ||   257
       Punch             |       |     1 |       |       |       ||     1
 Cast: Magic Dart        |    66 |   169 |    92 |    42 |     2 ||   371
       Searing Ray       |     1 |     9 |    11 |     3 |       ||    24
       Stone Arrow       |       |       |    50 |   344 |   187 ||   581
       Ozocubu's Armour  |       |       |       |       |     9 ||     9
Invok: Channel Magic     |       |       |       |     5 |     6 ||    11
Evoke: Wand              |       |       |       |     1 |     1 ||     2
  Use: Scroll            |       |     5 |    10 |       |    10 ||    25
       Potion            |       |     2 |     3 |     2 |     1 ||     8
 Stab: Sleeping          |       |     1 |       |       |       ||     1
       Distracted        |       |       |       |       |     1 ||     1
Armor: Robe              |     6 |     8 |     7 |       |       ||    21
       Steam dragon scal |       |       |    15 |    68 |    43 ||   126
       Skin              |       |       |       |     2 |       ||     2
Dodge: Dodged            |    15 |    31 |    34 |   115 |   119 ||   314
Block: Orb               |       |       |     3 |    23 |    31 ||    57
       Other             |       |       |       |     7 |     5 ||    12
